 Dungeon Crawl Stone Soup version 0.26-a0-854-gdc81c2f471 (webtiles) character file.

Game seed: 11566684419544395490

36 iamoutofideas the Firebug (level 3, -4/21 HPs)
             Began as an Octopode Fire Elementalist on Nov 23, 2020.
             Slain by a worker ant (5 damage)
             ... on level 4 of the Dungeon.
             The game lasted 00:02:23 (1728 turns).

iamoutofideas the Firebug (OpFE)                    Turns: 1728, Time: 00:02:24

Health: -4/21      AC:  1    Str:  8    XL:     3   Next: 37%
Magic:  5/6        EV: 13    Int: 17    God:
Gold:   146        SH:  0    Dex: 12    Spells: 5/6 levels left

rFire    . . .     SeeInvis +   (no weapon)
rCold    . . .     Faith    .   (no shield)
rNeg     . . .     Spirit   .   (helmet restricted)
rPois    .         Reflect  .   (no amulet)
rElec    .         Harm     .   (no ring)
rCorr    .         Rampage  .   (no ring)
MR       .....                  (no ring)
Stlth    +++.......             (no ring)
HPRegen  0.07/turn              (no ring)
MPRegen  0.10/turn              (no ring)
                                (no ring)
                                (no ring)

@: mighty, lethally poisoned (-4 -> -24)
A: almost no armour, stealthy swim, amphibious, 8 rings, constrict 8, camouflage
1, see invisible, deterioration 1, gelatinous body 1
a: no special abilities


You were on level 4 of the Dungeon.
You visited 1 branch of the dungeon, and saw 3 of its levels.

You collected 146 gold pieces.

Inventory:

Armour
 g - a +0 helmet
Scrolls
 d - a scroll of fear {unknown}
 e - 2 scrolls of identify {unknown}
Potions
 a - a potion of attraction


   Skills:
 + Level 2.4 Dodging
 + Level 3.0 Stealth
 + Level 0.1 Unarmed Combat
 + Level 2.2 Spellcasting
 + Level 1.5 Conjurations
 + Level 3.5 Fire Magic


You had 5 spell levels left.
You knew the following spells:

 Your Spells              Type           Power        Failure   Level
a - Foxfire               Conj/Fire      ##..         7%          1

Your spell library contained the following spells:

 Spells                   Type           Power        Failure   Level
 Conjure Flame            Conj/Fire      ##......     21%         3
 Inner Flame              Hex/Fire       #.......     28%         3
 Sticky Flame             Conj/Fire      ##......     54%         4
 Fireball                 Conj/Fire      ##........   88%         5


Dungeon Overview and Level Annotations

Branches:
Dungeon (2/15)             Temple (0/1) D:4

Altars:


Innate Abilities, Weirdness & Mutations

You cannot wear most types of armour.
You are very stealthy in the water. (Stealth+)
You are amphibious.
You can wear up to eight rings at the same time.
You can use your tentacles to constrict eight enemies at once.
Your skin changes colour to match your surroundings (Stealth+).
Your rubbery body absorbs attacks. (AC +1, EV +1)
You have supernaturally acute eyesight. (SInv)
Your body sometimes deteriorates upon taking damage.


Message History

You conjure some foxfire!
You constrict the worker ant, but do no damage.
You feel sick. The worker ant bites you.
* * * LOW HITPOINT WARNING * * *
You are lethally poisoned!
The worker ant poisons you! The worker ant bites you.
* * * LOW HITPOINT WARNING * * *
You are more poisoned.
The worker ant poisons you!
It was a potion of might.
You feel very mighty all of a sudden.
You constrict the worker ant.
* * * LOW HITPOINT WARNING * * *
You feel sick.
The foxfire hits the worker ant but does no damage.
The worker ant is moderately wounded.
The foxfire hits the worker ant.
The worker ant is heavily wounded.
The worker ant bites you.
You die...

#...... #......
#[.... #.....
#.....#########
#.............#
#......>......#
#....B@.......#
...####........#+##
#####........
#...#........
#...#........
#...#........ ..
#...'........ ##
... #...#........
+. ....
##'##........ #.


You could see a worker ant.

Vanquished Creatures
  An adder (D:4)
  2 leopard geckos
  3 bats (D:1)
  2 giant cockroaches
  3 hobgoblins (D:1)
  5 kobolds (D:1)
  A quokka (D:4)
  2 frilled lizards (D:1)
  3 goblins (D:1)
  2 rats (D:1)
24 creatures vanquished.

Vanquished Creatures (others)
  30 foxfires
30 creatures vanquished.

Grand Total: 54 creatures vanquished

Notes
Turn   | Place    | Note
-------+----------+-------------------------------------------
     0 | D:1      | iamoutofideas the Octopode Fire Elementalist began the
                  | quest for the Orb.
     0 | D:1      | Reached XP level 1. HP: 11/11 MP: 3/3
   640 | D:1      | Reached XP level 2. HP: 15/17 MP: 5/5
  1505 | D:2      | You fall into a shaft and drop 2 floors!
  1521 | D:4      | Reached XP level 3. HP: 19/21 MP: 4/6
  1595 | D:4      | Gained mutation: Your body sometimes deteriorates upon
                  | taking damage. [potion of mutation]
  1595 | D:4      | Gained mutation: You have supernaturally acute eyesight.
                  | (SInv) [potion of mutation]
  1718 | D:4      | Found a staircase to the Ecumenical Temple.
  1727 | D:4      | HP: 1/21 [worker ant (5)]
  1728 | D:4      | Slain by a worker ant

Illustrated notes

Levels and vault maps discovered:
D:1:      sevenhm_arrival_forest_fort_large_2, layout_basic, st_stairs_8,
          minmay_hexomino_u4
D:2:      kennysheep_six_static_rooms, layout_basic,
          ashenzari_conservatory_becter, minmay_liquid_box
D:4:      layout_gridville, minmay_temple_entry_butterflies

Skill      XL: |  1  2 |
---------------+-------+-----
Stealth        | 3 |  3.0
Dodging        | |  2.4
Unarmed Combat | |  0.1
Spellcasting   | |  2.2
Conjurations   | |  1.5
Fire Magic     | |  3.5

Action                   || total
-------------------------++-------
Melee: Unarmed           ||    46
       Constrict         ||    16
       Tentacles         ||     9
 Cast: Foxfire           ||    24
  Use: Potion            ||     4
 Stab: Sleeping          ||     5
Armor: Skin              ||    22
Dodge: Dodged            ||    53

Table legend: (Time is in decaauts)
 A = Elapsed time spent in this place.
 B = Non-inter-level travel time spent in this place.
 C = Inter-level travel time spent in this place.
 D = Time resting spent in this place.
 E = Time spent auto-exploring this place.
 F = Levels seen in this place.
 G = Mean time per level.
                   A        B        C        D        E       F      G
               +--------+--------+--------+--------+--------+-----+--------+
         Total |   1727 |   1719 |      8 |    225 |   1253 |   3 |  575.7 |
       Dungeon |   1727 |   1719 |      8 |    225 |   1253 |   3 |  575.7 |
               +--------+--------+--------+--------+--------+-----+--------+

Top non-repeatable levels by time:
     D:1: 1496 daAuts
     D:4: 222 daAuts
     D:2: 8 daAuts
